AoeStats
← bkg45

Black Forest

504366506Analyzed
4v4 RM · 28d ago on Sep 5, 2026· 44m 11s· 8 players
Game mode
Random Map
Map size
Large (8 player)
Population
200
Speed
Normal
Resources
Standard
Victory
Conquest
Starting age
Dark Age
Ending age
Imperial Age
RankedLock teamsTeams togetherTeam positionsShared explorationLock speedFull tech treeHidden civsTurbo modeCheats
Victory
Defeat
🇨🇦 Mongols · Canada
1268
+15
🇺🇸 Britons · United States
1245
+16
🇺🇸 Georgians · United States
1229
+17
🇺🇸 Celts · United States
1150
+21
🇨🇴 Teutons · Colombia
1313
-19
🇨🇴 Celts · Colombia
1262
-18
🇨🇴 Lithuanians · Colombia
1239
-17
🇨🇴 Khmer · Colombia
1184
-15
Howie
3:26 Loom
11:49 Feudal Age
16:25 Castle Age
15:45 Double-Bit Axe
15:43 Horse Collar
19:00 Wheelbarrow
19:29 Bow Saw
25:19 Stone Mining
25:38 Heavy Plow
25:34 Gold Mining
27:26 Scale Barding Armor
27:32 Forging
27:29 Town Watch
29:09 Chain Barding Armor
32:57 Imperial Age
30:45 Bloodlines
31:28 Iron Casting
30:54 Scale Mail Armor
31:21 Fletching
32:14 Hand Cart
32:01 Town Patrol
32:11 Husbandry
33:22 Bodkin Arrow
34:19 Plate Barding Armor
33:52 Elite Monaspa
36:05 Blast Furnace
36:07 Aznauri Cavalry
36:10 Svan Towers
36:20 Bracer
40:52 Chain Mail Armor
40:38 Padded Archer Armor
41:40 Conscription
41:43 Light Cavalry
45:03 Leather Archer Armor
45:18 Plate Mail Armor
FEMALE INCA VILLAGER
6:40 Loom
11:23 Feudal Age
11:50 Feudal Age
13:12 Double-Bit Axe
13:08 Horse Collar
15:54 Castle Age
20:40 Wheelbarrow
19:56 Town Watch
28:58 Imperial Age
26:45 Fletching
26:56 Padded Archer Armor
27:53 Bloodlines
27:44 Husbandry
27:51 Bodkin Arrow
28:50 Leather Archer Armor
28:45 Thumb Ring
29:19 Hand Cart
29:32 Elite Mangudai
30:46 Ballistics
31:30 Chemistry
30:53 Bow Saw
31:50 Conscription
32:10 Parthian Tactics
32:35 Bracer
33:10 Coinage
34:32 Banking
36:11 Forging
36:09 Scale Barding Armor
37:38 Onager
38:40 Drill
41:38 Murder Holes
42:41 Chain Barding Armor
42:22 Scale Mail Armor
42:57 Iron Casting
42:36 Fortified Wall
42:16 Guard Tower
42:37 Masonry
Panzerkore
0:29 Loom
15:30 Feudal Age
19:55 Castle Age
17:57 Double-Bit Axe
21:32 Horse Collar
27:43 Heavy Plow
28:33 Pikeman
29:56 Wheelbarrow
29:54 Bow Saw
30:14 Gold Mining
33:02 Scale Mail Armor
33:12 Forging
36:48 Imperial Age
34:27 Stronghold
34:37 Stone Mining
35:43 Gold Shaft Mining
35:54 Hand Cart
35:25 Town Watch
37:57 Conscription
37:51 Furor Celtica
37:06 Halberdier
37:15 Capped Ram
38:54 Stone Shaft Mining
37:59 Man-at-Arms
38:25 Gambesons
38:33 Fletching
38:59 Chain Mail Armor
39:19 Iron Casting
39:03 Town Patrol
38:34 Long Swordsman
38:59 Arson
39:14 Bodkin Arrow
38:43 Siege Ram
39:27 Two-Handed Swordsman
43:14 Champion
44:47 Hoardings
bkg45
8:33 Loom
11:28 Feudal Age
15:42 Castle Age
14:19 Double-Bit Axe
14:22 Horse Collar
16:40 Bow Saw
18:54 Gold Mining
20:18 Fletching
24:15 Heavy Plow
24:36 Bodkin Arrow
25:35 Town Watch
32:38 Wheelbarrow
32:33 Padded Archer Armor
37:54 Imperial Age
36:30 Ballistics
36:47 Hand Cart
38:33 Leather Archer Armor
38:37 Bracer
38:59 Conscription
39:39 Hoardings
41:20 Ring Archer Armor
42:07 Chemistry
42:25 Yeomen
42:23 Elite Longbowman
Logan
1:15 Loom
12:10 Feudal Age
14:16 Wheelbarrow
19:42 Castle Age
18:21 Horse Collar
19:01 Double-Bit Axe
21:50 Bow Saw
22:01 Scale Mail Armor
30:20 Hand Cart
33:57 Imperial Age
34:41 Pikeman
35:45 Chain Mail Armor
35:41 Forging
37:00 Halberdier
38:46 Iron Casting
42:49 Plate Mail Armor
Mhao
0:34 Loom
12:43 Feudal Age
13:23 Double-Bit Axe
16:06 Wheelbarrow
18:53 Castle Age
17:31 Scale Barding Armor
20:24 Bow Saw
20:04 Horse Collar
20:27 Gold Mining
22:56 Heavy Plow
26:30 Husbandry
27:32 Hand Cart
27:31 Bloodlines
27:29 Stone Mining
28:15 Forging
30:34 Iron Casting
31:00 Chain Barding Armor
33:34 Town Watch
34:52 Fletching
35:03 Padded Archer Armor
38:16 Imperial Age
35:19 Elite Skirmisher
36:05 Thumb Ring
36:28 Town Patrol
36:41 Murder Holes
37:08 Fortified Wall
38:46 Ballistics
38:58 Bodkin Arrow
40:05 Chemistry
38:39 Light Cavalry
40:29 Bracer
40:45 Leather Archer Armor
41:06 Plate Barding Armor
41:12 Conscription
40:59 Cavalier
RAGNAROK
0:28 Loom
14:58 Feudal Age
16:41 Wheelbarrow
19:42 Castle Age
18:04 Double-Bit Axe
18:01 Horse Collar
20:06 Scale Mail Armor
23:37 Heavy Plow
24:56 Forging
26:46 Gold Mining
29:37 Chain Mail Armor
30:16 Caravan
34:55 Padded Archer Armor
34:45 Fletching
35:51 Leather Archer Armor
35:38 Elite Skirmisher
38:59 Imperial Age
36:45 Hand Cart
36:31 Bodkin Arrow
41:35 Ring Archer Armor
42:00 Conscription
Urahara
0:46 Loom
13:39 Feudal Age
16:45 Castle Age
15:06 Stone Mining
15:17 Double-Bit Axe
16:11 Horse Collar
17:00 Gold Mining
19:45 Wheelbarrow
37:33 Imperial Age
35:35 Fortified Wall
35:24 Town Watch
38:24 Hand Cart
40:01 Conscription
40:06 Onager
Connection lost

Rejoining the realm…

Still unreachable

The connection could not be restored.

Session expired

The server has moved on; the page needs a fresh start.